 Dungeon Crawl Stone Soup version 0.20.2-3-g29329e0561 (webtiles) character file.

1729 Alfie the Cutter (level 9, -5/75 HPs)
             Began as a Hill Orc Fighter on Oct 24, 2022.
             Slain by Menkaure (18 damage)
             ... on level 7 of the Dungeon.
             The game lasted 00:12:05 (4510 turns).

Alfie the Cutter (Hill Orc Fighter)                 Turns: 4510, Time: 00:12:05

Health: -5/75      AC: 13    Str: 22    XL:     9   Next: 5%
Magic:  9/9        EV:  9    Int:  8    God:
Gold:   370        SH: 11    Dex: 10    Spells: 8/8 levels left

rFire    . . .     SeeInvis .   a - +1 rapier
rCold    . . .     Gourm    .   c - +1 shield
rNeg     . . .     Faith    .   b - +1 scale mail
rPois    +         Spirit   .   e - +1 helmet
rElec    .         Reflect  .   (no cloak)
rCorr    .         Harm     .   (no gloves)
MR       .....                  i - +1 pair of boots
Stlth    +.........             d - amulet of regeneration
Regen    0.7/turn               h - ring of stealth
MPRegen  0.2/turn               l - ring of poison resistance

@: no status effects
A: no striking features
a: no special abilities


You were on level 7 of the Dungeon.
You were not hungry.

You visited 1 branch of the dungeon, and saw 7 of its levels.

You collected 370 gold pieces.

Inventory:

Hand Weapons
 a - a +1 rapier (weapon)
Armour
 b - a +1 scale mail (worn)
 c - a +1 shield (worn)
 e - a +1 helmet (worn)
 i - a +1 pair of boots (worn)
Jewellery
 d - an amulet of regeneration (around neck)
 h - a ring of stealth (left hand)
 l - a ring of poison resistance (right hand)
 w - an uncursed ring of protection from magic {unknown}
Scrolls
 g - 3 scrolls of remove curse {unknown}
 k - a scroll of amnesia
 m - 2 scrolls of identify
 o - a scroll of teleportation
 p - 2 scrolls of recharging {unknown}
 s - a scroll of fog {unknown}
Potions
 n - a potion of heal wounds
 q - a potion of berserk rage {unknown}
 r - 3 potions of brilliance
 t - 3 potions of curing {unknown}
 u - a potion of flight {unknown}
 v - a potion of degeneration {unknown}
Comestibles
 f - 4 bread rations
 j - 5 meat rations


   Skills:
 + Level 5.9 Fighting
 + Level 7.1 Short Blades
 + Level 5.7 Armour
 + Level 2.0 Dodging
 + Level 1.4 Stealth
 + Level 7.1 Shields


You had 8 spell levels left.
You didn't know any spells.

Dungeon Overview and Level Annotations

Branches:
Dungeon (7/15)             Temple (0/1) D:4

Altars:
Ru

Annotations:
D:7 Menkaure


Message History

You block the sky beast's attack.
You hit Menkaure but do no damage. You block Menkaure's attack.
The sky beast hits you but does no damage.
You puncture Menkaure!
Menkaure is moderately damaged.
You block Menkaure's attack.
The sky beast flickers out of sight!
Deactivating autopickup; reactivate with Ctrl-A.
Something hits you but does no damage.
You closely miss Menkaure.
Menkaure is moderately damaged.
You block Menkaure's attack. Something hits you but does no damage.
Menkaure hits you but does no damage.
You hit Menkaure.
Menkaure is heavily damaged.
You block something's attack. Menkaure hits you!
* * * LOW HITPOINT WARNING * * *
You barely miss Menkaure.
Menkaure is heavily damaged.
You block something's attack. Menkaure hits you!!
You die...

## ..#
##.#####$.#
......#...#
........##
#.......###
#.........#
#....#
##...##
#####M@..#
#....{..##
#........#
#........#
#..##....##
#.. #.....#
#. ##....#
##....###
#.......#####


You could see Menkaure.

Vanquished Creatures
  Pikel (D:7)
  Edmund (D:6)
  2 sky beasts
  An ice beast (D:5)
  A centaur (D:6)
  3 bullfrogs
  A wyvern skeleton (D:6)
  4 scorpions
  2 crimson imps (D:5)
  An orc priest (D:5)
  5 worker ants
  An iguana (D:4)
  A hound skeleton (D:5)
  A worker ant zombie (D:5)
  2 adders
  A gnoll (D:7)
  An ooze (D:2)
  2 worms
  5 dart slugs
  2 leopard geckos
  12 orcs
  4 bats
  5 giant cockroaches
  9 goblins
  3 hobgoblins
  9 jackals
  2 kobolds
  A quokka (D:5)
  A ball python (D:5)
  4 frilled lizards
  A leopard gecko zombie (D:6)
  A quokka zombie (D:7)
  8 rats
98 creatures vanquished.

Notes
Turn   | Place    | Note
-------+----------+-------------------------------------------
     0 | D:1      | Alfie the Hill Orc Fighter began the quest for the Orb.
     0 | D:1      | Reached XP level 1. HP: 19/19 MP: 1/1
    81 | D:1      | Reached XP level 2. HP: 12/27 MP: 2/2
   554 | D:1      | Reached XP level 3. HP: 33/33 MP: 3/3
  1220 | D:3      | Reached XP level 4. HP: 10/40 MP: 4/4
  1478 | D:3      | Found a sacrificial altar of Ru.
  1946 | D:4      | Found a staircase to the Ecumenical Temple.
  2323 | D:4      | Reached XP level 5. HP: 36/46 MP: 5/5
  2598 | D:5      | Entered Level 5 of the Dungeon
  2738 | D:5      | Reached XP level 6. HP: 41/53 MP: 6/6
  2772 | D:5      | Reached skill level 5 in Shields
  2901 | D:5      | Noticed an ice beast
  2914 | D:5      | Killed an ice beast
  2981 | D:5      | Reached XP level 7. HP: 36/60 MP: 7/7
  3127 | D:5      | Reached skill level 5 in Short Blades
  3127 | D:5      | Reached skill level 1 in Dodging
  3493 | D:6      | Noticed Edmund
  3506 | D:6      | Killed Edmund
  3506 | D:6      | Reached skill level 5 in Fighting
  3576 | D:6      | Reached XP level 8. HP: 21/68 MP: 8/8
  3586 | D:6      | Reached skill level 5 in Armour
  4142 | D:7      | Reached skill level 1 in Stealth
  4235 | D:7      | Noticed Pikel
  4254 | D:7      | Killed Pikel
  4254 | D:7      | Reached XP level 9. HP: 47/75 MP: 9/9
  4489 | D:7      | Noticed Menkaure
  4510 | D:7      | Slain by Menkaure

Skill      XL: |  1  2  3  4  5  6  7  8  9 |
---------------+----------------------------+-----
Fighting       | 4 5 |  5.9
Shields        | 4 5 6 7 |  7.1
Short Blades   | 3 4 5 7 |  7.1
Armour         | 4 5 |  5.7
Dodging        | 1 2 |  2.0
Stealth        | 1 |  1.4

Action                   |  1- 3 |  4- 6 |  7- 9 || total
-------------------------+-------+-------+-------++-------
Melee: Rapier            |   109 |   161 |   195 ||   465
  Use: Scroll            |     4 |     8 |     4 ||    16
       Potion            |       |     1 |     3 ||     4
  Eat: Royal jelly       |     1 |     1 |       ||     2
       Bread ration      |       |     1 |     1 ||     2
Armor: Scale mail        |    46 |    61 |    78 ||   185
Dodge: Dodged            |    32 |    39 |    46 ||   117
Block: Shield            |    51 |    76 |   122 ||   249
